 Dungeon Crawl Stone Soup version 0.23.2-1-ga50397a6bc (webtiles) character file.

Game seed: 16638696073216524302

183 FluffierThanThou the Digger (level 5, 0/31 HPs)
             Began as a Gargoyle Earth Elementalist on May 24, 2019.
             Slain by a wight
             ... wielding a cursed +2 morningstar of freezing
              (13 damage)
             ... on level 4 of the Dungeon.
             The game lasted 00:10:57 (2378 turns).

FluffierThanThou the Digger (GrEE)                  Turns: 2378, Time: 00:10:57

Health: 0/31       AC:  6    Str: 11    XL:     5   Next: 62%
Magic:  7/8        EV: 12    Int: 17    God:
Gold:   132        SH:  0    Dex: 10    Spells: 4/8 levels left

rFire    . . .     SeeInvis .   a - +1 mace (crush)
rCold    . . .     Gourm    .   (no shield)
rNeg     + . .     Faith    .   c - +0 robe
rPois    ∞         Spirit   .   (no helmet)
rElec    +         Reflect  .   (no cloak)
rCorr    .         Harm     .   (no gloves)
MR       .....                  (no boots)
Stlth    ++........             (no amulet)
HPRegen  0.10/turn              (no ring)
MPRegen  0.11/turn              (no ring)

@: no status effects
A: negative energy resistance 1, electricity resistance, unbreathing,
petrification resistance, rot immunity, AC +4
a: no special abilities


You were on level 4 of the Dungeon.
You were not hungry.

You visited 1 branch of the dungeon, and saw 4 of its levels.

You collected 132 gold pieces.

Inventory:

Hand Weapons
 a - a +1 mace of crushing (weapon)
   (You found it on level 2 of the Dungeon)
Missiles
 b - 77 stones (quivered)
Armour
 c - a +0 robe (worn)
 m - a +0 cloak
   (You found it on level 3 of the Dungeon)
Jewellery
 f - a +3 ring of strength {unknown}
   (You found it on level 1 of the Dungeon)
Wands
 l - a wand of acid (7)
   (You found it on level 3 of the Dungeon)
Scrolls
 d - a scroll of fog {unknown}
 h - 2 scrolls of identify {unknown}
 i - 2 scrolls of amnesia {unknown}
 k - a scroll of enchant armour {unknown}
Potions
 g - a potion of cancellation {unknown}
 n - 2 potions of invisibility {unknown}
Comestibles
 e - 7 rations {!d}
 j - a chunk of flesh


   Skills:
 * Level 2.4 Fighting
 * Level 1.9 Throwing
 + Level 2.1 Dodging
 + Level 3.0 Stealth
 + Level 2.4 Spellcasting
 + Level 0.0 Conjurations
   Level 0.7 Transmutations
 * Level 4.7 Earth Magic


You had 4 spell levels left.
You knew the following spells:

 Your Spells              Type           Power        Failure   Level  Hunger
a - Sandblast             Erth           ###...       2%          1    #......
b - Stone Arrow           Conj/Erth      ##....       21%         3    ###....

Your spell library contained the following spells:

 Spells                   Type           Power        Failure   Level  Hunger
 Passwall                 Tmut/Erth      ##......     9%          2    ##.....
 Confusing Touch          Hex            #.....       19%         1    #......
 Confuse                  Hex            #.......     50%         3    ###....
 Gell's Gravitas          Tloc           #.........   50%         3    ###....
 Petrify                  Tmut/Erth      ##......     52%         4    #####..
 Lee's Rapid Deconstruct  Erth           ###.......   58%         5    ######.
 Metabolic Englaciation   Hex/Ice        #.........   99%         5    ######.
 Yara's Violent Unravell  Hex/Tmut       #.........   99%         5    ######.


Dungeon Overview and Level Annotations

Branches:
Dungeon (4/15)
 Temple: D:4-7

Altars:
Gozag
Trog
Xom


Innate Abilities, Weirdness & Mutations

You are resistant to torment.
Your stone body is resilient. (AC +4)
You are immune to poison.
You resist negative energy. (rN+)
You are resistant to electric shocks. (rElec)
You can survive without breathing.
You are immune to petrification.
You are immune to rotting.


Message History

You kill the hobgoblin!
No target in view!
No target in view!
No target in view!
You see here a +0 club.
b - 53 stones (gained 1)
b - 54 stones (gained 1)
b - 55 stones (gained 1)
b - 56 stones (gained 1)
b - 57 stones (gained 1)
Your magical contamination has completely faded away.
Eating one of 2 chunks of flesh.
You eat one of the 2 chunks of flesh.
Found a stone staircase leading down.
There is a stone staircase leading down here.
There is a stone staircase leading down here.
You see here a +0 club.
Done exploring.
Done exploring.
(D) Dungeon
Where to? (Enter - D:3, ? - help)
There is a bloodstained altar of Trog here.
You see here a +0 club.
There is a stone staircase leading down here.
You climb downwards.
There is a stone staircase leading up here.
b - 78 stones (gained 21)
You open the door.
There is an open door here.
There is an open door here.
As you open the door, it creaks loudly!
There is an open door here.
You now have 132 gold pieces (gained 17). 2 wights come into view.
A wight is wielding a +2 morningstar of freezing.
You see here an inky potion.
A wight comes into view. It is wielding a +1 short sword.
The wight hits you but does no damage.
You hit the wight but do no damage.
The wight hits you with a +0 short sword.
The wight closely misses you.
You closely miss the wight. The wight hits you but does no damage.
The wight hits you with a cursed +2 morningstar of freezing!
The wight freezes you.
The wight hits you with a +0 short sword.
* * * LOW HITPOINT WARNING * * *
Aim: a wight, wielding a +0 short sword and wearing a +0 robe The blast of sand hits the wight!
b - 77 stones The wight hits you with a cursed +2 morningstar of freezing!
You die...

######'###......#
#.....#......#
#.....#......#
#######......#
#.....###+##
+.....# #.....# .
#....!#####....
....####.@z..z...
.... #..z......
... #......... ..
#.........
######.... ####


You could see 3 wights.

Vanquished Creatures
  A phantom (D:2)
  4 adders
  A worm (D:3)
  A leopard gecko (D:2)
  4 orcs (D:3)
  3 giant cockroaches
  7 goblins
  10 hobgoblins
  2 jackals (D:3)
  A quokka (D:2)
  3 bats
  5 frilled lizards
  7 kobolds
  6 rats
55 creatures vanquished.

Notes
Turn   | Place    | Note
-------+----------+-------------------------------------------
     0 | D:1      | FluffierThanThou the Gargoyle Earth Elementalist began the
                  | quest for the Orb.
     0 | D:1      | Reached XP level 1. HP: 10/10 MP: 3/3
   220 | D:1      | Reached XP level 2. HP: 12/16 MP: 5/5
   667 | D:2      | Reached skill level 1 in Fighting
   670 | D:2      | Reached skill level 4 in Earth Magic
   685 | D:2      | Reached XP level 3. HP: 10/20 MP: 0/6
   959 | D:2      | Found a bloodstained altar of Trog.
   961 | D:2      | Noticed a phantom
   985 | D:2      | Killed a phantom
   985 | D:2      | Reached skill level 1 in Throwing
   985 | D:2      | Reached XP level 4. HP: 26/26 MP: 0/7
   985 | D:2      | Reached XP level 5. HP: 30/30 MP: 0/8
  1099 | D:2      | Found a shimmering altar of Xom.
  1375 | D:2      | Found an opulent altar of Gozag.
  1912 | D:3      | Learned a level 3 spell: Stone Arrow
  2173 | D:3      | Found a bloodstained altar of Trog.
  2378 | D:4      | Slain by a wight

Skill      XL: |  1  2  3  4  5 |
---------------+----------------+-----
Fighting       | 1 2 |  2.4
Earth Magic    | 4 |  4.7
Throwing       | 1 |  1.9
Dodging        | 2 |  2.1
Stealth        | 3 |  3.0
Spellcasting   | |  2.4
Transmutations | |  0.7

Action                   |  1- 3 |  4- 6 || total
-------------------------+-------+-------++-------
Melee: Unarmed           |    12 |       ||    12
       Mace              |       |    22 ||    22
Throw: Stone             |   105 |   122 ||   227
 Cast: Sandblast         |    27 |    19 ||    46
       Stone Arrow       |       |     4 ||     4
  Eat: Chunk             |     1 |     5 ||     6
Armor: Robe              |    19 |    25 ||    44
Dodge: Dodged            |    42 |    45 ||    87
